Map: Abyssal Reef LE

Players

Winthrowe

  • Race: Protoss Protoss
  • Spawn Location: 11:00

A.I. 1 (Hard) - Winner!

  • Race: Zerg Zerg
  • Spawn Location: 5:00

VOD

Have the link to the VOD?

Description

Time

  • Played on: Aug. 17, 2017, 6:21 p.m.
  • Length: 5:43
Show
View Real Time Build Order
Export as new Build Order

Winthrowe Protoss 

Build Orders:  

Get SALT Encoding   

  12  0:05  Probe (Chrono Boost)  
  13  0:20  Pylon  
  13  0:24  Probe (Chrono Boost)  
  13  0:25  Assimilator  
  14  0:35  Probe (Chrono Boost)  
  15  0:45  Probe (Chrono Boost)  
  16  0:56  Probe (Chrono Boost)  
  17  0:58  Gateway  
  17  1:06  Probe (Chrono Boost)  
  18  1:17  Probe (Chrono Boost)  
  19  1:24  Forge  
  19  1:27  Probe (Chrono Boost)  
  20  1:49  Probe (Chrono Boost)  
  20  1:54  Nexus  
  21  1:58  Assimilator  
  21  2:03  Pylon  
  21  2:05  Probe (Chrono Boost)  
  22  2:20  Protoss Shields Level 1  
  22  2:21  Zealot  
  24  2:40  Probe (Chrono Boost)  
  25  2:55  Gateway  
  25  2:56  Gateway  
  25  2:59  Gateway  
  25  3:25  Cybernetics Core  
  25  3:36  Probe x2 (Chrono Boost)  
  27  3:46  Probe (Chrono Boost)  
  27  3:47  Probe (Chrono Boost)  
  29  3:57  Probe x2 (Chrono Boost)  
  29  4:02  Zealot x4  
  39  4:08  Probe x2 (Chrono Boost)  
  41  4:18  Probe x2 (Chrono Boost)  
  43  4:30  Probe x2 (Chrono Boost)  
  45  4:40  Probe (Chrono Boost)  
  46  4:56  Pylon  
  46  4:58  Pylon  
  46  5:03  Pylon  
  46  5:08  Probe x2 (Chrono Boost)  
  46  5:10  Pylon  
  44  5:14  Pylon  
  44  5:18  Probe x2 (Chrono Boost)  
  54  5:22  Pylon  
  52  5:29  Probe (Chrono Boost)  
Show
View Real Time Build Order
Export as new Build Order

A.I. 1 (Hard) Zerg - Winner!

Build Orders: Pool First 

Get SALT Encoding   

  12  0:01  Drone  
  13  0:12  Overlord  
  13  0:16  Drone  
  14  0:31  Drone  
  14  0:32  Drone  
  16  0:42  Spawning Pool  
  15  0:45  Drone  
  15  0:48  Drone  
  17  0:52  Extractor  
  17  0:56  Drone  
  17  1:06  Overlord  
  17  1:30  Queen  
  17  1:31  Zergling x2  
  20  1:37  Roach Warren, Zergling x2  
  20  1:38  Drone  
  21  1:42  Extractor  
  20  1:49  Drone  
  21  2:00  Drone  
  22  2:10  Overlord  
  22  2:21  Drone  
  23  2:32  Roach  
  25  2:37  Drone  
  25  2:38  Roach  
  25  2:44  Roach  
  30  2:45  Overlord  
  30  2:55  Roach  
  34  3:05  Roach  
  34  3:08  Drone  
  34  3:11  Roach  
  37  3:14  Overlord  
  37  3:17  Roach  
  39  3:28  Roach, Baneling Nest  
  39  3:33  Evolution Chamber  
  39  3:38  Drone  
  39  3:41  Drone  
  41  3:42  Drone  
  41  3:44  Drone  
  43  3:50  Drone  
  44  4:01  Drone  
  45  4:12  Drone  
  46  4:50  Overlord, Zergling x2  
  46  4:52  Evolution Chamber, Drone  
  47  4:56  Baneling  
  45  5:13  Hatchery  
  44  5:31  Drone  
Tags
 
Matchup
PvZ
Opening
Pool First
Spawn Locations
Cross Positions
Add a new tag
Caveats
  • Supply blocks, unpowered buildings, or Contaminate may cause inaccurate times.
  • Supply counts are checked every 10 seconds.